 Dungeon Crawl Stone Soup version 0.26.0-45-g9c1d065592 (webtiles) character file.

Game seed: 8562054249922501783

329 trckry the Bolt Thrower (level 6, -2/36 HPs)
             Began as a Tengu Hunter on Jan 30, 2021.
             Slain by an iguana (11 damage)
             ... on level 3 of the Dungeon.
             The game lasted 00:07:23 (3680 turns).

trckry the Bolt Thrower (Tengu Hunter)              Turns: 3680, Time: 00:07:24

Health: -2/36      AC:  9    Str: 14    XL:     6   Next: 50%
Magic:  8/8        EV:  8    Int: 12    God:
Gold:   87         SH:  0    Dex: 14    Spells: 5/5 levels left

rFire    . . .     SeeInvis .   b - +0 short sword
rCold    . . .     Faith    .   (no shield)
rNeg     . . .     Spirit   .   o - +0 chain mail
rPois    .         Reflect  .   (helmet restricted)
rElec    .         Harm     .   u - +0 cloak
rCorr    .         Rampage  .   (no gloves)
Will     .....                  (boots unavailable)
Stlth    ..........             (no amulet)
HPRegen  0.12/turn              (no ring)
MPRegen  0.11/turn              (no ring)

@: flying quickly and evasively, quick
A: beak, talons 3, able to fly
a: Stop Flying


You were on level 3 of the Dungeon.
You visited 1 branch of the dungeon, and saw 4 of its levels.

You collected 87 gold pieces.

Inventory:

Hand Weapons
 a - a +1 hand crossbow
 b - a +0 short sword (weapon)
Missiles
 d - 5 bolts
 w - 8 poisoned darts (quivered)
Armour
 o - a +0 chain mail (worn)
 u - a +0 cloak (worn)
Scrolls
 g - 3 scrolls of identify {unknown}
 k - 3 scrolls of remove curse {unknown}
 l - a scroll of fog {unknown}
 n - 3 scrolls of teleportation {unknown}
 p - a scroll of enchant weapon {unknown}
 q - 2 scrolls of noise {unknown}
 r - a scroll of immolation {unknown}
 s - a scroll of fear {unknown}
Potions
 c - 2 potions of flight {unknown}
 e - 2 potions of brilliance {unknown}
 f - 2 potions of mutation {unknown}
 h - 2 potions of haste {unknown}
 i - 2 potions of curing {unknown}
 j - 2 potions of heal wounds {unknown}
 m - 3 potions of ambrosia {unknown}
 t - a potion of lignification {unknown}
 v - a potion of berserk rage {unknown}


   Skills:
 + Level 2.9 Fighting
 + Level 2.1 Staves
 * Level 5.7 Crossbows
 + Level 1.9 Armour
 + Level 3.3 Dodging
 - Level 1.0 Stealth
 + Level 1.8 Invocations
 + Level 1.8 Evocations


You had 5 spell levels left.
You didn't know any spells.
Your spell library was empty.

Dungeon Overview and Level Annotations

Branches:
Dungeon (4/15)
 Temple: D:4-7

Altars:
Trog
Wu Jian


Innate Abilities, Weirdness & Mutations

You have a beak for a mouth.
You have claws for feet.
You can fly continuously.


Message History

The iguana bites you. The gnoll hits you with a +0 flail.
You completely miss the gnoll.
The gnoll is lightly wounded.
The iguana bites you but does no damage.
The gnoll barely misses you.
You hit the iguana but do no damage. You claw the iguana, but do no damage.
Your peck misses the iguana. The iguana closely misses you.
You hit the gnoll but do no damage. Your kick misses the gnoll.
The gnoll is lightly wounded.
The iguana hisses menacingly.
The iguana bites you. The gnoll hits you with a +0 flail.
The iguana bites you but does no damage.
You hit the gnoll. You claw the gnoll.
The gnoll is heavily wounded.
The gnoll hits you but does no damage. The iguana bites you.
* * * LOW HITPOINT WARNING * * *
You hit the gnoll. You claw the gnoll.
You kill the gnoll!
The iguana bites you!
You die...

.....# ##.#........#
.....########..........#
.....##................#
.....##..........#..[..#
.......................##########
....†...........................#
..................###...........#
........####.###)## #...........#
.....#### #.# #@# #...........#
###### #.# #l# #...........# #.#
#.# #...........#
#.###.################ #.......#
#####.#.# #...# #####


You could see an iguana.

Vanquished Creatures
  A gnoll sergeant (D:3)
  An orc wizard (D:3)
  2 worker ants (D:4)
  8 gnolls
  4 adders
  An ooze (D:3)
  2 worms (D:3)
  3 dart slugs
  4 leopard geckos
  8 orcs
  2 giant cockroaches
  5 goblins
  4 hobgoblins (D:1)
  3 jackals (D:2)
  4 kobolds
  2 quokkas
  A ball python (D:3)
  6 bats
  4 frilled lizards
  7 rats
72 creatures vanquished.

Notes
Turn   | Place    | Note
-------+----------+-------------------------------------------
     0 | D:1      | trckry the Tengu Hunter began the quest for the Orb.
     0 | D:1      | Reached XP level 1. HP: 12/12 MP: 2/2
   206 | D:1      | Reached XP level 2. HP: 17/17 MP: 3/3
   402 | D:1      | Reached XP level 3. HP: 21/21 MP: 4/4
   843 | D:2      | Reached skill level 1 in Staves
   843 | D:2      | Reached skill level 5 in Crossbows
   843 | D:2      | Reached XP level 4. HP: 23/27 MP: 5/5
  1082 | D:2      | Found an ornate altar of the Wu Jian Council.
  1221 | D:2      | Reached skill level 1 in Evocations
  1536 | D:3      | Found a bloodstained altar of Trog.
  1672 | D:3      | Reached skill level 1 in Invocations
  1678 | D:3      | Reached skill level 1 in Armour
  1713 | D:3      | Noticed a gnoll sergeant
  2017 | D:3      | Gained mutation: You can fly continuously. [Tengu growth]
  2017 | D:3      | Reached XP level 5. HP: 31/31 MP: 6/6
  2737 | D:3      | Reached XP level 6. HP: 26/36 MP: 6/8
  3680 | D:3      | Slain by an iguana

Illustrated notes

Levels and vault maps discovered:
D:1:      nzn_arrival_depleted_hourglass, layout_basic,
          minmay_misc_feat_diagonals, minmay_misc_feat_four_crosses
D:2:      layout_loops_ring, pdpol_wu_jian_five_deadly_venoms
D:3:      layout_basic, bloody_trog
D:4:      layout_cave_pools, serial_shops, nicolae_shop_trees

Skill      XL: |  1  2  3  4  5  6 |
---------------+-------------------+-----
Staves         | 1 2 |  2.1
Crossbows      | 5 |  5.7
Evocations     | 1 |  1.8
Invocations    | 1 |  1.8
Armour         | 1 |  1.9
Dodging        | 3 |  3.3
Fighting       | |  2.9
Stealth        | |  1.0

Action                   |  1- 3 |  4- 6 || total
-------------------------+-------+-------++-------
Melee: Short sword       |    55 |   129 ||   184
       Kick              |     8 |    39 ||    47
       Peck              |    11 |    21 ||    32
 Fire: Hand crossbow     |    10 |    54 ||    64
 Abil: Fly               |       |     1 ||     1
Armor: Chain mail        |    36 |    87 ||   123
Dodge: Dodged            |    22 |    67 ||    89
